 Dungeon Crawl Stone Soup version 0.18-a0-1778-gadce9fa (webtiles) character file.

16 M4edhros the Sneak (level 2, 0/18 HPs)
             Began as an Octopode Artificer on Apr 16, 2016.
             Slain by an adder (2 damage)
             ... on level 2 of the Dungeon.
             The game lasted 00:01:06 (209 turns).

M4edhros the Sneak (Octopode Artificer)              Turns: 209, Time: 00:01:06

Health: 0/18       AC:  1    Str: 15    XL:     2   Next: 54%
Magic:  4/4        EV: 12    Int: 14    God:
Gold:   0          SH:  0    Dex: 12    Spells: 0 memorised, 1 level left

rFire  . . .     SeeInvis .     a - +0 short sword
rCold  . . .     Gourm    .     (no shield)
rNeg   . . .     Faith    .     (helmet restricted)
rPois  .         Spirit   .     (no amulet)
rElec  .         Dismiss  .     g - ring of teleportation (curse)
rCorr  .         Reflect  .     (no ring)
SustAt .         Harm     .     (no ring)
MR     .....     Rnd*Tele +     (no ring)
Stlth  ++++......               (no ring)
                                (no ring)
                                (no ring)
                                (no ring)

@: mighty, lethally poisoned (0 -> -7), not resistant to hostile enchantments,
stealthy
A: almost no armour, amphibious, 8 rings, constrict 8, camouflage 1, gelatinous
body 1
a: no special abilities


You were on level 2 of the Dungeon.
You were not hungry.

You visited 1 branch of the dungeon, and saw 2 of its levels.

Inventory:

Hand Weapons
 a - a +0 short sword (weapon)
Jewellery
 g - a cursed ring of teleportation (left tentacle)
Wands
 b - a wand of flame (12/48)
 c - a wand of enslavement (15/24)
 d - a wand of random effects (15/48)
Scrolls
 e - a scroll of enchant armour {unknown}
 m - a scroll of remove curse {unknown}
 n - a scroll of enchant weapon {unknown}
Potions
 j - a potion of haste {unknown}
 k - a potion of flight {unknown}
Comestibles
 f - a bread ration
 i - 2 chunks of flesh
 l - a slice of pizza


   Skills:
 - Level 1.0 Fighting
 - Level 1.0 Short Blades
 - Level 2.0 Dodging
 + Level 3.6 Stealth
 - Level 3.2 Evocations


You had one spell level left.
You didn't know any spells.

Dungeon Overview and Level Annotations

Branches:
Dungeon (2/15)

Altars:


Innate Abilities, Weirdness & Mutations

You cannot wear most types of armour.
You are amphibious.
You can wear up to eight rings at the same time.
You can use your tentacles to constrict eight enemies at once.
Your skin changes colour to match your surroundings (Stealth).
Your rubbery body absorbs attacks (AC +1).


Message History

n - a scroll labeled GECVAO HUVAJI A giant cockroach comes into view.
The giant cockroach barely misses you.
You hit the giant cockroach but do no damage.
Your grab misses the giant cockroach. You squeeze the giant cockroach.
You kill the giant cockroach!
An adder comes into view.
Found a scroll labeled VAESEU FITA and a robe.
A giant gecko comes into view.
Found a whip.
Found a stone staircase leading down.
The adder bites you.
* * * LOW HITPOINT WARNING * * *
You are lethally poisoned!
The adder poisons you!
Drink which item? (? for menu, Esc to quit)
It was a potion of might.
You feel very mighty all of a sudden.
* * * LOW HITPOINT WARNING * * *
You feel sick. The adder bites you.
You die...

#### ######### #.# #...
#.......# #.# #.#
#.......# #.# #.#
#....l..# #.# #.#
#.....?.# #.# #.##
#.......#########.###.##
#.....S@................
#.......####............
#.......# #.#.#########
#......)# #.#.# ..
#.[.....# #.#.# #.#
######>.. ..... #.# ###.
#.### # . . #.. #


You could see an adder and a giant gecko.

Vanquished Creatures
  A dart slug (D:2)
  2 bats (D:2)
  2 giant cockroaches
  2 goblins (D:1)
  A hobgoblin (D:2)
  A jackal (D:1)
  A kobold (D:1)
  A quokka (D:2)
11 creatures vanquished.

Notes
Turn   | Place    | Note
--------------------------------------------------------------
     0 | D:1      | M4edhros the Octopode Artificer began the quest for the Orb.
     0 | D:1      | Reached XP level 1. HP: 13/13 MP: 3/3
    90 | D:1      | Reached XP level 2. HP: 16/18 MP: 4/4
   209 | D:2      | Slain by an adder

Vault maps used:
D:1:      dpeg_arrival_brainrot, nrook_loot_triangle
D:2:      lemuel_doored_altar, marbit_many_paths,
          nicolae_qazlal_eye_of_the_storm, old_standard_altar

Skill      XL: |  1  2 |
---------------+-------+-----
Stealth        | 2 3 |  3.6
Fighting       | |  1.0
Short Blades   | |  1.0
Dodging        | |  2.0
Evocations     | |  3.2

Action                   || total
-------------------------++-------
Melee: Short sword       ||    28
       Constrict         ||     8
       Tentacles         ||     1
Evoke: Wand              ||     3
  Use: Potion            ||     1
 Stab: Sleeping          ||     4
Dodge: Dodged            ||    23
